 Dungeon Crawl Stone Soup version 0.29-a0-419-g77450f2 (webtiles) character file.

Game seed: 17879409821427845604

11006 Illumine the Carver (level 11, -2/99 HPs)
             Began as a Minotaur Hunter on May 18, 2022.
             Was an Elder of Okawaru.
             Slain by a nine-headed hydra (10 damage)
             ... on level 2 of the Lair of Beasts.
             The game lasted 00:14:28 (8426 turns).

Illumine the Carver (Minotaur Hunter)               Turns: 8426, Time: 00:14:29

Health: -2/99      AC:  4    Str: 16    XL:     11   Next: 43%
Magic:  13/13      EV: 19    Int:  6    God:    Okawaru [****..]
Gold:   740        SH:  0    Dex: 24    Spells: 10/10 levels left

rFire   + . .      SeeInvis +   a - +1 hand crossbow
rCold   + . .      Faith    .   (no shield)
rNeg    . . .      Spirit   .   v - +0 leather armour
rPois   .          Reflect  .   (helmet restricted)
rElec   .          Harm     .   K - scarf {rC+ rF+}
rCorr   .          Rampage  .   j - +0 pair of gloves
Will    .....                   (no boots)
Stlth   ++........              f - amulet of regeneration
HPRegen 1.06/turn               l - +6 ring of dexterity
MPRegen 0.13/turn               O - ring of see invisible

@: about to teleport
A: horns 2, retaliatory headbutt
a: Renounce Religion, Heroism, Finesse


You were on level 2 of the Lair of Beasts.
You worshipped Okawaru.
Okawaru was greatly pleased with you.
You visited 3 branches of the dungeon, and saw 12 of its levels.
You also visited: Sewer.

You collected 740 gold pieces.

Inventory:

Hand Weapons
 a - a +1 hand crossbow (weapon)
 b - the +7 Throatcutter {drain, coup de grace}
   (You found it on level 5 of the Dungeon)

   A truly terrible weapon, it drains the life of any living foe it strikes.
   It may instantly kill foes which have little health.
 A - a +0 quarterstaff of speed
Missiles
 h - 42 poisoned darts
 F - 2 throwing nets
 N - 5 silver javelins
Armour
 j - a +0 pair of gloves (worn)
 v - a +0 leather armour (worn)
 K - a scarf of resistance (worn)
Jewellery
 f - an amulet of regeneration (around neck)
 l - a +6 ring of dexterity (left hand)
 O - a ring of see invisible (right hand)
Wands
 m - a wand of mindburst (37)
 B - a wand of flame (16)
 E - a wand of iceblast (8)
 M - a wand of polymorph (1)
Scrolls
 c - a scroll of torment {unknown}
 i - 5 scrolls of amnesia
 k - 5 scrolls of teleportation
 n - a scroll of brand weapon
 p - a scroll of enchant weapon {unknown}
 C - a scroll of noise {unknown}
 D - 5 scrolls of enchant armour {unknown}
 G - 6 scrolls of poison
 I - a scroll of blinking {unknown}
 J - a scroll of magic mapping {unknown}
 L - 3 scrolls of identify
 P - a scroll of fog {unknown}
 Q - a scroll of summoning {unknown}
 R - a scroll of fear {unknown}
Potions
 d - 5 potions of curing
 e - 2 potions of mutation {unknown}
 g - 6 potions of haste
 o - a potion of cancellation
 q - a potion of ambrosia
 r - 6 potions of attraction
 s - 2 potions of flight {unknown}
 t - a potion of might {unknown}
 u - 2 potions of lignification {unknown}
 w - 3 potions of heal wounds
 x - a potion of magic {unknown}
 z - a potion of invisibility {unknown}
 H - a potion of berserk rage {unknown}
Miscellaneous
 y - a lightning rod (4/4)


   Skills:
 + Level 9.6 Fighting
 * Level 10.7 Long Blades
 - Level 4.0 Staves
 - Level 10.0 Crossbows
 + Level 8.8 Dodging
 - Level 0.7 Stealth
 + Level 5.0 Invocations
 + Level 4.4 Evocations


You had 10 spell levels left.
You didn't know any spells.
Your spell library contained the following spells:

 Spells                   Type           Power      Damage    Failure   Level
 Static Discharge         Conj/Air       0%         N/A       67%         2
 Conjure Flame            Conj/Fire      0%         6-21      88%         3
 Gell's Gravitas          Tloc           0%         N/A       88%         3
 Ignite Poison            Fire/Tmut/Pois 0%         N/A       88%         3
 Teleport Other           Tloc           0%         N/A       88%         3
 Dispel Undead            Necr           0%         3d6       99%         4
 Sticky Flame             Conj/Fire      0%         2d3       99%         4
 Dispersal                Tloc           0%         N/A       100%        6


Dungeon Overview and Level Annotations

Branches:
Dungeon (9/15)             Temple (1/1) D:6            Lair (2/6) D:9
  Sewer (visited)
  Swamp: Lair:2-4    Shoals: Lair:2-4     Snake: Lair:2-4    Spider: Lair:2-4
    Orc: D:9-12

Altars:
Ashenzari
Dithmenos
Elyvilon
Fedhas
Hepliaklqana
Kikubaaqudgha
Okawaru
Qazlal
Sif Muna
Trog
Vehumet
Xom
Yredelemnul
The Shining One

Annotations:
D:3 Sigmund
D:9 Harold


Innate Abilities, Weirdness & Mutations

You have a pair of horns on your head.
You reflexively headbutt those who attack you in melee.


Message History

A cane toad comes into view.
The eight-headed hydra attacks as you move away!
The eight-headed hydra barely misses you.
The eight-headed hydra bites you. The eight-headed hydra misses you.
The eight-headed hydra bites you! The eight-headed hydra misses you.
The eight-headed hydra bites you. The eight-headed hydra misses you.
The eight-headed hydra closely misses you.
You see here a swamp worm corpse.
You lop one of the eight-headed hydra's heads off!
The seven-headed hydra grows two more!
You hit the nine-headed hydra.
The nine-headed hydra is lightly wounded.
The nine-headed hydra barely misses you.
The nine-headed hydra misses you. x3; The nine-headed hydra bites you!
The nine-headed hydra misses you. x2; The nine-headed hydra bites you.
The nine-headed hydra misses you.
a - a +1 hand crossbow (weapon)
Shoot: a) +1 hand crossbow
Press: ? - help, Q - select action, (/) - cycle Shift-Dir - straight line, f - nine-headed hydra
Aim: a nine-headed hydra (lightly wounded, 85% to hit)
You shoot a bolt. The bolt hits the nine-headed hydra.
The nine-headed hydra is lightly wounded.
The nine-headed hydra bites you! The nine-headed hydra misses you.
The nine-headed hydra closely misses you.
The nine-headed hydra bites you! The nine-headed hydra bites you.
The nine-headed hydra bites you but does no damage.
The nine-headed hydra completely misses you.
The nine-headed hydra bites you! x2
As you read the scroll of teleportation, it crumbles to dust.
You feel strangely unstable.
The nine-headed hydra closely misses you.
The nine-headed hydra misses you. The nine-headed hydra bites you.
The nine-headed hydra bites you!
* * * LOW HITPOINT WARNING * * *
The nine-headed hydra misses you.
The nine-headed hydra bites you but does no damage.
The nine-headed hydra closely misses you.
The nine-headed hydra bites you!
* * * LOW HITPOINT WARNING * * *
The nine-headed hydra bites you!
You die...

##........#...♣♣♣§§♣♣♣♣
#P.......##....♣♣§§§..♣♣
.........#.....♣♣♣♣♣F..♣♣
####.##..#.....♣♣≈≈≈≈...♣
##.###.####...♣♣≈≈≈≈≈≈≈♣♣
...............♣≈≈≈≈≈≈≈≈♣♣
#####..##.##.#.♣≈≈≈≈≈≈...♣
#########..♣♣♣♣♣♣♣..♣♣
##..@D†.....##
######...##.# ########


You could see a nine-headed hydra.

Vanquished Creatures
  Maurice (D:8)
  5 cane toads
  3 komodo dragons
  A polar bear (Lair:1)
  Grinder (Sewer)
  2 hornets (D:7)
  A wyvern (Lair:1)
  14 yaks
  Eustachio (D:6)
  3 basilisks
  2 steam dragons
  3 swamp worms (Lair:2)
  8 water moccasins
  A black bear (D:7)
  2 orc warriors
  An ice beast (D:6)
  A swamp drake (D:9)
  A sky beast (D:8)
  3 ogres
  2 centaurs
  A phantom (D:7)
  11 kobold brigands
  8 bullfrogs
  2 gnoll sergeants (D:7)
  A scorpion (D:6)
  2 necrophages
  3 howler monkeys
  A hound (D:6)
  4 orc priests
  2 jellies
  A gnoll shaman (D:4)
  Jessica (D:2)
  An iguana (D:6)
  6 orc wizards
  14 gnolls
  7 adders
  5 shadow imps (Sewer)
  6 white imps
  4 ufetubi
  An adder zombie (Sewer)
  3 worms
  2 dart slugs
  23 orcs
  5 endoplasms
  5 giant cockroaches
  6 goblins
  4 hobgoblins
  8 quokkas
  4 ball pythons
  5 bats
  A frilled lizard (D:3)
  A giant cockroach zombie (Sewer)
  38 kobolds
  2 kobold zombies (Sewer)
  2 rats
  A butterfly (D:6)
247 creatures vanquished.

Vanquished Creatures (others)
  2 kobolds (D:8)
  4 fungi (Lair:1)
  4 plants
10 creatures vanquished.

Grand Total: 257 creatures vanquished

Notes
Turn   | Place    | Note
-------+----------+-------------------------------------------
     0 | D:1      | Illumine the Minotaur Hunter began the quest for the Orb.
     0 | D:1      | Reached XP level 1. HP: 18/18 MP: 0/0
   517 | D:1      | Found a faded altar of an unknown god.
   599 | D:1      | Reached XP level 2. HP: 25/25 MP: 1/1
   728 | D:1      | Reached skill level 5 in Crossbows
   830 | D:1      | You fall into a shaft and drop 1 floor!
   832 | D:2      | Noticed Jessica
   839 | D:2      | Killed Jessica
   840 | D:2      | Reached XP level 3. HP: 30/30 MP: 2/2
   959 | D:2      | Reached XP level 4. HP: 31/37 MP: 3/3
  1414 | D:3      | Noticed Sigmund
  1532 | D:3      | Reached XP level 5. HP: 45/45 MP: 4/4
  2043 | D:4      | Reached XP level 6. HP: 51/51 MP: 5/5
  2313 | D:5      | Entered Level 5 of the Dungeon
  2523 | D:5      | Reached skill level 1 in Staves
  2523 | D:5      | Reached XP level 7. HP: 56/59 MP: 6/6
  2577 | D:5      | Found a glowing drain.
  2591 | Sewer    | Entered a sewer
  2742 | Sewer    | Noticed Grinder
  2761 | Sewer    | Paralysed by Grinder for 2 turns
  2770 | Sewer    | Killed Grinder
  2771 | Sewer    | Reached skill level 5 in Fighting
  2771 | Sewer    | Reached XP level 8. HP: 62/68 MP: 7/7
  2785 | Sewer    | Found an ancient bone altar of Kikubaaqudgha.
  3048 | D:5      | Found the +7 Throatcutter {drain, coup de grace}
  3074 | D:5      | Reached skill level 5 in Dodging
  3085 | D:5      | Reached skill level 1 in Evocations
  3342 | D:6      | Noticed Eustachio
  3351 | D:6      | Killed Eustachio
  3352 | D:6      | Reached skill level 1 in Long Blades
  3522 | D:6      | Found a staircase to the Ecumenical Temple.
  3531 | D:6      | Reached XP level 9. HP: 72/75 MP: 8/8
  3547 | Temple   | Entered the Ecumenical Temple
  3739 | Temple   | Became a worshipper of Warmaster Okawaru
  3924 | D:6      | Reached skill level 10 in Crossbows
  4483 | D:7      | Paralysed by a hornet for 2 turns
  4486 | D:7      | Reached skill level 5 in Long Blades
  4574 | D:7      | Reached * piety under Okawaru
  4752 | D:7      | Reached skill level 1 in Invocations
  5596 | D:8      | Reached XP level 10. HP: 82/88 MP: 10/10
  5598 | D:8      | Noticed Maurice
  5622 | D:8      | Killed Maurice
  5622 | D:8      | Reached ** piety under Okawaru
  6223 | D:9      | Found a staircase to the Lair.
  6691 | D:9      | Noticed Harold
  6775 | Lair:1   | Entered Level 1 of the Lair of Beasts
  6809 | Lair:1   | Reached *** piety under Okawaru
  7197 | Lair:1   | Reached XP level 11. HP: 81/97 MP: 13/13
  7213 | Lair:1   | Reached **** piety under Okawaru
  7376 | Lair:1   | Reached skill level 10 in Long Blades
  7434 | Lair:1   | Received a gift from Okawaru
  8313 | Lair:2   | Reached skill level 5 in Invocations
  8408 | Lair:2   | Noticed an eight-headed hydra
  8426 | Lair:2   | Slain by a nine-headed hydra

Illustrated notes

Levels and vault maps discovered:
D:1:      beargit_arrival_diablo_church, layout_basic,
          ebering_ecumenical_altar_box, minmay_unequal
D:2:      layout_rooms, uniq_jessica
D:3:      layout_loops_cross, uniq_sigmund
D:4:      layout_rooms, chequers_mini_garden
D:5:      layout_cave_pools, portal_sewer_entry_f,
          dilly_guarded_unrand_throatcut
D:6:      layout_basic, minmay_temple_entry_butterflies, uniq_eustachio
D:7:      layout_basic, amcnicky_mini_rare_corridor_liquid
D:8:      layout_gridville, uniq_maurice
D:9:      layout_irregular_city, nemelex_diamond_rough_becter, erik_lair_dragon,
          uniq_harold
Temple:   mainiacjoe_temple_trianglar_array
Lair:1:   layout_roguey, grunt_megastairs_2
Lair:2:   layout_regular_city, palyth_hydra_swamp_entry

Skill      XL: |  1  2  3  4  5  6  7  8  9 10 11 |
---------------+----------------------------------+-----
Crossbows      | 5 6 7 8 9 10 | 10.0
Fighting       | 3 4 5 6 7 9 |  9.6
Dodging        | 3 4 5 7 8 |  8.8
Staves         | 1 3 4 |  4.0
Evocations     | 2 3 4 |  4.4
Long Blades    | 2 7 9 10 | 10.7
Invocations    | 2 4 5 |  5.0
Stealth        | |  0.7

Action                   |  1- 3 |  4- 6 |  7- 9 | 10-12 || total
-------------------------+-------+-------+-------+-------++-------
Melee: Quarterstaff      |       |       |    80 |       ||    80
       Headbutt          |       |       |    35 |    37 ||    72
       Long sword        |       |       |    87 |   159 ||   246
       Punch             |       |       |       |     1 ||     1
 Fire: Hand crossbow     |    74 |   133 |   185 |    60 ||   452
Invok: Heroism           |       |       |       |     2 ||     2
  Use: Scroll            |     1 |     6 |     2 |     2 ||    11
       Potion            |       |       |     2 |     1 ||     3
 Stab: Sleeping          |       |       |     1 |     1 ||     2
       Confused          |       |       |       |     1 ||     1
Armor: Leather armour    |     1 |     6 |    27 |    14 ||    48
Dodge: Dodged            |    10 |    20 |   154 |   136 ||   320
       Repelled          |       |       |     1 |       ||     1

Table legend: (Time is in decaauts)
 A = Elapsed time spent in this place.
 B = Non-inter-level travel time spent in this place.
 C = Inter-level travel time spent in this place.
 D = Time resting spent in this place.
 E = Time spent auto-exploring this place.
 F = Levels seen in this place.
 G = Mean time per level.
                   A        B        C        D        E       F      G
               +--------+--------+--------+--------+--------+-----+--------+
         Total |   8444 |   7964 |    480 |    754 |   5416 |  13 |  649.5 |
       Dungeon |   6372 |   5931 |    441 |    647 |   4008 |   9 |  708.0 |
        Temple |    208 |    196 |     12 |      0 |    185 |   1 |  208.0 |
          Lair |   1502 |   1475 |     27 |    107 |   1072 |   2 |  751.0 |
         Sewer |    361 |    361 |      0 |      0 |    150 |   1 |  361.0 |
               +--------+--------+--------+--------+--------+-----+--------+

Top non-repeatable levels by time:
     D:7: 1068 daAuts
     D:9: 899 daAuts
     D:1: 838 daAuts
  Lair:1: 803 daAuts
     D:6: 721 daAuts
     D:8: 703 daAuts
  Lair:2: 698 daAuts
     D:3: 660 daAuts
     D:5: 628 daAuts
     D:4: 445 daAuts
     D:2: 406 daAuts
   Sewer: 361 daAuts
  Temple: 208 daAuts
